 Dungeon Crawl Stone Soup version 0.23.2-40-g277498a001 (webtiles) character file.

Game seed: 2171181784930939959

17 MalarOregon the Caller (level 2, 0/20 HPs)
             Began as a Merfolk Summoner on Aug 13, 2019.
             Slain by an adder (3 damage)
             ... on level 3 of the Dungeon.
             The game lasted 00:03:59 (1363 turns).

MalarOregon the Caller (Merfolk Summoner)           Turns: 1363, Time: 00:03:59

Health: 0/20       AC:  4    Str:  8    XL:     2   Next: 62%
Magic:  0/5        EV: 13    Int: 14    God:
Gold:   84         SH:  0    Dex: 14    Spells: 4/5 levels left

rFire    . . .     SeeInvis .   d - +0 dagger
rCold    . . .     Gourm    .   (no shield)
rNeg     . . .     Faith    .   a - +0 robe
rPois    .         Spirit   .   f - +2 hat
rElec    .         Reflect  .   (no cloak)
rCorr    .         Harm     .   (no gloves)
MR       .....                  (no boots)
Stlth    ++........             (no amulet)
HPRegen  0.06/turn              (no ring)
MPRegen  0.09/turn              (no ring)

@: no status effects
A: change form in water, swift swim, stealthy swim
a: no special abilities


You were on level 3 of the Dungeon.
You were hungry.

You visited 1 branch of the dungeon, and saw 3 of its levels.

You collected 84 gold pieces.

Inventory:

Hand Weapons
 d - a +0 dagger (weapon)
   (You took it off a kobold on level 1 of the Dungeon)
Missiles
 c - 55 stones (quivered)
Armour
 a - a +0 robe (worn)
 f - a +2 hat (worn)
   (You found it on level 1 of the Dungeon)
Scrolls
 b - a scroll of blinking {unknown}
 i - a scroll of teleportation {unknown}
 l - a scroll of magic mapping {unknown}
Potions
 g - a potion of haste {unknown}
 h - a potion of heal wounds {unknown}
Comestibles
 e - 2 rations {!d}


   Skills:
 + Level 0.8 Fighting
 + Level 1.0 Short Blades
 + Level 3.0 Dodging
 + Level 2.4 Stealth
 + Level 2.1 Spellcasting
 + Level 4.1 Summonings


You had 4 spell levels left.
You knew the following spells:

 Your Spells              Type           Power        Failure   Level  Hunger
a - Summon Small Mammal   Summ           ##..         4%          1    #......

Your spell library contained the following spells:

 Spells                   Type           Power        Failure   Level  Hunger
 Call Imp                 Summ           ##......     7%          2    ###....
 Call Canine Familiar     Summ           ##......     13%         3    ###....
 Summon Guardian Golem    Hex/Summ       #.......     30%         3    ###....
 Summon Ice Beast         Ice/Summ       #.......     69%         4    #####..
 Summon Lightning Spire   Summ/Air       #.......     69%         4    #####..


Dungeon Overview and Level Annotations

Branches:
Dungeon (2/15)

Altars:


Message History

You closely miss the adder. The adder bites you but does no damage.
Your rat closely misses the adder.
The adder bites you but does no damage.
You hit the adder. The adder closely misses you.
Your rat closely misses the adder.
Your rat completely misses the adder.
The adder closely misses you. The adder misses you.
You barely miss the adder.
You feel sick.
Your rat closely misses the adder.
The adder barely misses you.
Your rat closely misses the adder.
The adder barely misses you.
You hit the adder. The adder bites you but does no damage.
Your rat bites the adder.
The adder bites you.
Your rat barely misses the adder.
The adder barely misses you.
Your rat closely misses the adder.
The adder bites you.
* * * LOW HITPOINT WARNING * * *
Your rat bites the adder.
You feel sick. The adder closely misses you.
You closely miss the adder. The adder barely misses you.
Your rat bites the adder but does no damage.
You feel sick. The adder bites you but does no damage.
Your rat completely misses the adder.
Your rat closely misses the adder.
The adder closely misses you.
You swap places.
Your rat closely misses the adder.
Your rat misses the adder. The adder closely misses your rat.
Your rat closely misses the adder.
Your rat completely misses the adder.
The adder completely misses your rat.
Your rat misses the adder.
Your rat closely misses the adder.
The adder bites your rat.
Your rat dies!
Your rat's corpse disappears in a puff of smoke!
Your rat completely misses the adder. x2
Unknown command.
You feel sick.
You are no longer poisoned.
The adder barely misses you. The adder misses you. The adder barely misses you.
The adder bites you.
* * * LOW HITPOINT WARNING * * *
You swap places.
The adder misses your quokka. The adder barely misses your quokka.
Your quokka closely misses the adder.
The adder bites your quokka.
Your rat misses the adder. The adder bites your quokka.
Your quokka misses the adder. The adder bites your quokka.
Your quokka dies!
Your quokka's corpse disappears in a puff of smoke!
The adder bites your rat.
Your rat dies!
Your rat's corpse disappears in a puff of smoke!
The adder barely misses you.
You hit the adder but do no damage. The adder closely misses you.
The adder bites you but does no damage.
Your quokka misses the adder. The adder bites you.
You die...

.......#..#.# ######.
............# .......
.........?.## ......#
.........S######......#.
.?.......§§.............
.###...####.#.##.....#
##...# #..........#
#....####...#..###.#
#####......@S...#.##
.......##...Sr.##)# .
###.....÷######..# #.#
##.#.#### ###.## #..$#
#..#.#######...##...#
#..#......##..#....#
......#.......##...##
...#...............#
#.....##.....###......


You could see 2 adders and a friendly quokka.

Vanquished Creatures
  A giant cockroach (D:1)
  2 goblins (D:1)
  5 hobgoblins
  A ball python (D:1)
  2 frilled lizards (D:1)
  2 kobolds (D:1)
13 creatures vanquished.

Vanquished Creatures (collateral kills)
  2 kobolds
  2 rats (D:3)
4 creatures vanquished.

Grand Total: 17 creatures vanquished

Notes
Turn   | Place    | Note
-------+----------+-------------------------------------------
     0 | D:1      | MalarOregon the Merfolk Summoner began the quest for the
                  | Orb.
     0 | D:1      | Reached XP level 1. HP: 13/13 MP: 3/3
   619 | D:1      | Reached XP level 2. HP: 20/20 MP: 5/5
   920 | D:2      | HP: 1/20 [worm (7)]
   958 | D:2      | You fall through a shaft!
   962 | D:3      | HP: 1/20 [rat (2)]
   984 | D:3      | Reached skill level 1 in Short Blades
  1363 | D:3      | Slain by an adder

Skill      XL: |  1  2 |
---------------+-------+-----
Dodging        | 3 |  3.0
Short Blades   | 1 |  1.0
Fighting       | |  0.8
Stealth        | |  2.4
Spellcasting   | |  2.1
Summonings     | |  4.1

Action                   || total
-------------------------++-------
Melee: Dagger            ||    55
       Unarmed           ||     9
Throw: Stone             ||    14
       Javelin           ||    13
 Cast: Summon Small Mamm ||    18
  Use: Scroll            ||     1
 Stab: Sleeping          ||     2
  Eat: Chunk             ||     1
Armor: Robe              ||    11
Dodge: Dodged            ||    52
